 Dungeon Crawl Stone Soup version 0.31.0-4-g52a2dc7128 (webtiles) character file.

Game seed: 4084869862837697715

26 ssalbiz the Magician (level 2, -5/15 HPs)
             Began as a Deep Elf Hedge Wizard on Jan 22, 2024.
             Slain by a ribbon worm (8 damage)
             ... on level 2 of the Dungeon.
             The game lasted 00:01:44 (1513 turns).

ssalbiz the Magician (Deep Elf Hedge Wizard)        Turns: 1513, Time: 00:01:45

Health: -5/15      AC:  2    Str:  7    XL:     2   Next: 89%
Magic:  9/10       EV:  6    Int: 18    God:
Gold:   61         SH:  0    Dex: 14    Spells: 6/11 levels left

rFire   . . .        a - +0 dagger
rCold   . . .        (no shield)
rNeg    . . .        b - +0 robe
rPois   .            c - +0 hat
rElec   .            (no cloak)
rCorr   .            (no gloves)
SInv    .            (no boots)
Will    .....        (no amulet)
Stlth   ++           (no ring)
HPRegen 0.22/turn    (no ring)
MPRegen 0.12/turn

%: no passive effects
@: held
A: no striking features
a: no special abilities


You were on level 2 of the Dungeon.
You visited 1 branch of the dungeon, and saw 2 of its levels.

You collected 61 gold pieces.

Inventory:

Hand Weapons
 a - a +0 dagger (weapon)
Armour
 b - a +0 robe (worn)
 c - a +0 hat (worn)
Magical Staves
 f - a staff of alchemy
Scrolls
 g - 2 scrolls of noise {unknown}
 j - a scroll of poison {unknown}
 k - a scroll of vulnerability {unknown}
Potions
 e - a potion of berserk rage {unknown}
 h - a potion of heal wounds {unknown}
 i - a potion of enlightenment {unknown}


   Skills:
 - Level 2.4 Dodging
 - Level 2.4 Stealth
 + Level 5.2 Spellcasting
 + Level 2.3 Conjurations
 - Level 1.1 Summonings
 - Level 1.1 Translocations


You had 6 spell levels left.
You knew the following spells:

 Your Spells              Type           Power      Damage    Failure   Level
a - Magic Dart            Conj           52%        1d5       4%          1
b - Blink                 Tloc           16%        N/A       13%         2
c - Call Imp              Summ           16%        N/A       13%         2

Your spell library contained the following spells:

 Spells                   Type           Power      Damage    Failure   Level
 Slow                     Hex            16%        N/A       13%         1
 Cigotuvi's Dreadful Rot  Necr/Alch/Air  8%         N/A       21%         2
 Mephitic Cloud           Conj/Alch/Air  7%         N/A       28%         3


Dungeon Overview and Level Annotations

Branches:
Dungeon (2/15)

Altars:


Message History

Aim: a ribbon worm (moderately wounded, catching its breath, 100% to hit)
The magic dart hits the ribbon worm.
The ribbon worm is heavily wounded.
The ribbon worm closely misses you. The rat barely misses you.
Aiming: Magic Dart (safe; 4% risk of failure)
Press: ? - help, Q - select action, (/) - cycle Shift-Dir - straight line, f/p - ribbon worm
Aim: a ribbon worm (moderately wounded, 100% to hit)
The magic dart hits the ribbon worm but does no damage.
The ribbon worm is moderately wounded.
The ribbon worm closely misses you. The rat bites you.
Aiming: Magic Dart (safe; 4% risk of failure)
Press: ? - help, Q - select action, (/) - cycle Shift-Dir - straight line, f/p - ribbon worm
Aim: a ribbon worm (moderately wounded, 100% to hit)
The magic dart hits the ribbon worm.
The ribbon worm is heavily wounded.
The rat closely misses you.
The ribbon worm expels a string of sticky webbing.
The stream of webbing hits you but does no damage.
You are caught in a web!
Aiming: Magic Dart (safe; 4% risk of failure)
Press: ? - help, Q - select action, (/) - cycle Shift-Dir - straight line, f/p - ribbon worm
Aim: a ribbon worm (heavily wounded, 100% to hit)
The magic dart hits the ribbon worm.
The ribbon worm is severely wounded.
The rat bites you.
You don't have enough magic to cast this spell.
Unknown command.
Unknown command.
Magic courses through your body. The ribbon worm bites you.
* * * LOW HITPOINT WARNING * * *
The rat bites you.
* * * LOW HITPOINT WARNING * * *
Aiming: Magic Dart (safe; 4% risk of failure)
Press: ? - help, Q - select action, (/) - cycle Shift-Dir - straight line, f/p - ribbon worm
Aim: a ribbon worm (heavily wounded, 100% to hit)
The magic dart hits the ribbon worm.
The ribbon worm is severely wounded.
The ribbon worm bites you!
Ouch! That really hurt!
You die...

.. .#
#####.#
#.....###
#.......#
#.......#
#.wr....#
#.@.....#
#......##
######.#
#


You could see a ribbon worm and a rat.

Vanquished Creatures
  A dart slug (D:1)
  3 bats (D:1)
  4 endoplasms (D:1)
  A goblin (D:1)
  3 hobgoblins (D:1)
  2 quokkas (D:1)
  2 ball pythons (D:1)
  4 frilled lizards (D:1)
  A kobold (D:1)
  2 rats (D:1)
23 creatures vanquished.

Notes
Turn   | Place    | Note
-------+----------+-------------------------------------------
     0 | D:1      | ssalbiz the Deep Elf Hedge Wizard began the quest for the
                  | Orb.
     0 | D:1      | Reached XP level 1. HP: 10/10 MP: 7/7
   325 | D:1      | Reached XP level 2. HP: 12/15 MP: 2/9
   400 | D:1      | Learned a level 2 spell: Blink
   403 | D:1      | Learned a level 2 spell: Call Imp
   574 | D:1      | Found a faded altar of an unknown god.
   679 | D:1      | Reached skill level 5 in Spellcasting
  1513 | D:2      | Slain by a ribbon worm

Illustrated notes

Levels and vault maps discovered:
D:1:      psy_arrival_radial01, layout_basic,
          hellmonk_ecumenical_altar_leap_of_faith
D:2:      layout_basic

Skill      XL: |  1  2 |
---------------+-------+-----
Conjurations   | 2 |  2.3
Spellcasting   | 5 |  5.2
Dodging        | |  2.4
Stealth        | |  2.4
Summonings     | |  1.1
Translocations | |  1.1

Action                     || total
---------------------------++-------
   Cast: Magic Dart        ||    60
    Use: Potion            ||     1
 Armour: Robe              ||     6
  Dodge: Dodged            ||     9
